[Event "*** Qualifier 4: Titled Tuesday 3|2 Blitz"]
[Site "Chess.com"]
[Date "2017.04.25"]
[Round "7"]
[White "DariuszMikrut"]
[Black "AllStarShark"]
[Result "0-1"]
[WhiteElo "2386"]
[BlackElo "2315"]
[TimeControl "180+2"]
[EndTime "14:30:10 PDT"]
[Termination "AllStarShark won by resignation"]

1. d4 d5 2. c4 dxc4 3. e3 e5 4.
Bxc4 exd4 5. Nf3 Bd6 6. exd4 Nf6 7. O-O O-O 8. Bg5 h6 9. Bh4 Nc6 10. h3 Bf5 11. Nc3 a6 12. Re1 g5 13. Bg3 Bxg3 14. fxg3 Qd6 15. g4 Bg6 16. d5 Na5 17. Ne5 Qc5+ 18.
Kh1 Nxc4 19. Nxg6 fxg6 20. Qc2 Kg7 21. Na4 Qb5 22. b3 Nd6 23. Qxc7+ Nf7 24. Rf1 Qxd5 25. Nb6 Qc6 26. Nxa8 Rxa8 27. Qg3 Qd6 28. Qf3 Qc6 29. Qf2 Rf8 30. Rac1 Qd6 31. Rcd1 Qc6 32. Rc1 Qd6 33. Rfd1 Qe6 34. Rc7 Ne4 35. Qd4+ Kg8 36. Rf1 Ng3+ 37. Kg1 Ne2+ 38. Kh1 Nxd4 39. Rxb7 Ne2 40. Re1 Ng3+ 0-1

[Event "*** Qualifier 4: Titled Tuesday 3|2 Blitz"]
[Site "Chess.com"]
[Date "2017.04.25"]
[Round "7"]
[White "Alexander_Moskalenko"]
[Black "sergiochess83"]
[Result "1-0"]
[WhiteElo "2645"]
[BlackElo "2706"]
[TimeControl "180+2"]
[EndTime "14:30:15 PDT"]
[Termination "Alexander_Moskalenko won by resignation"]

1. e4 c6 2. d4 d5 3. e5 Bf5 4.
Be3 e6 5. Nd2 Nd7 6. Ngf3 h6 7.
Be2 Ne7 8. O-O Bh7 9. Nb3 Nf5 10. Bd2 Rc8 11. c4 dxc4 12. Bxc4 Nb6 13. Bd3 Be7 14. Re1 Bg6 15. Rc1 O-O 16. Bb1 Nd5 17. Qe2 b6 18. g3 a5 19. h4 a4 20. Na1 c5 21.
Be4 cxd4 22. Nc2 Bc5 23. Qd3 Qe7 24. h5 Bxh5 25. Bxd5 exd5 26. Qxf5 Bg6 27. Qg4 Qe6 28. Qf4 d3 29. Ncd4 Qh3 30. Qh4 Qxh4 31. gxh4 Be4 32. Kh2 Rc7 33. Kg3 Rfc8 34. b4 axb3 35. axb3 Ba3 36.
Rxc7 Rxc7 37. Nb5 1-0

[Event "*** Qualifier 4: Titled Tuesday 3|2 Blitz"]
[Site "Chess.com"]
[Date "2017.04.25"]
[Round "7"]
[White "feigelag"]
[Black "Beca95"]
[Result "1-0"]
[WhiteElo "2339"]
[BlackElo "2681"]
[TimeControl "180+2"]
[EndTime "14:30:16 PDT"]
[Termination "feigelag won on time"]

1. e4 c5 2. Qh5 Nc6 3. d3 e6 4. c3 Nf6 5. Qh4 h6 6. f4 d5 7.
Nd2 Be7 8. Qf2 g5 9. Be2 c4 10. e5 Nd7 11. d4 Nf8 12. Bh5 Ng6 13. Nh3 b5 14. O-O g4 15. Bxg4 Nh4 16. f5 Nxf5 17. Bxf5 exf5 18. Nf4 Be6 19. Nf3 Rg8 20. Kh1 Bg5 21. Nh5 Rg6 22. Nxg5 hxg5 23. Nf6+ Ke7 24. b3 Qa5 25. bxc4 bxc4 26. Bxg5 Rxg5 27. Qh4 Rg6 28. Rab1 Rb8 29. Rxb8 Nxb8 30. Rb1 Rxf6 31. Qxf6+ Kd7 32. Rxb8 f4 33. Rb7+ Kc6 34. Qe7 1-0

[Event "*** Qualifier 4: Titled Tuesday 3|2 Blitz"]
[Site "Chess.com"]
[Date "2017.04.25"]
[Round "7"]
[White "amaidel"]
[Black "brauliocuarta"]
[Result "1-0"]
[WhiteElo "2402"]
[BlackElo "2044"]
[TimeControl "180+2"]
[EndTime "14:30:16 PDT"]
[Termination "amaidel won by resignation"]

1. e4 c5 2. Nf3 e6 3. c3 d5 4.
exd5 exd5 5. Bb5+ Nc6 6. d4 Bd6 7. O-O Ne7 8. dxc5 Bxc5 9. Nbd2 O-O 10. Nb3 Bb6 11. Re1 Bc7 12. h3 Ng6 13. Nbd4 Qd6 14. Bf1 a6 15. g3 Nxd4 16. Nxd4 Bd7 17. Bg2 Rfe8 18. Be3 Rad8 19. Qb3 Bc6 20. Rad1 Qf6 21. Nxc6 bxc6 22. Qa4 a5 23. Bd4 Be5 24. Rxe5 Nxe5 25. f4 Qg6 26. fxe5 Qxg3 27. Qxc6 Re6 28. Qc7 Rde8 29.
Rf1 R6e7 30. Qd6 Re6 31. Qxd5 a4 32. Qf3 Qg5 33. Kh1 Qg6 34. b3 axb3 35. axb3 f6 36. exf6 gxf6 37. Rg1 Kf7 38. Bf1 Qh6 39. Bc4 1-0

[Event "*** Qualifier 4: Titled Tuesday 3|2 Blitz"]
[Site "Chess.com"]
[Date "2017.04.25"]
[Round "7"]
[White "TregubovP"]
[Black "daro94"]
[Result "1-0"]
[WhiteElo "2417"]
[BlackElo "2700"]
[TimeControl "180+2"]
[EndTime "14:30:25 PDT"]
[Termination "TregubovP won on time"]

1. d4 d5 2. c4 e6 3. Nc3 Nf6 4.
cxd5 Nxd5 5. e4 Nxc3 6. bxc3 c5 7.
Rb1 cxd4 8. cxd4 e5 9. d5 Bc5 10. Nf3 O-O 11. Be2 Nd7 12. O-O Qe7 13. Bg5 f6 14. Bd2 Bd6 15. Be3 Nc5 16. Nd2 f5 17. f3 fxe4 18. Nxe4 Nxe4 19. fxe4 Rxf1+ 20. Bxf1 b6 21. Be2 Bc5 22. Qc1 Bxe3+ 23. Qxe3 Bd7 24. Rc1 Qd6 25. Ba6 Rf8 26. h3 h6 27. Kh2 g5 28.
Be2 Rf4 29. Bf3 Kg7 30. Rc3 Rf7 31. Qe2 b5 32. Bg4 b4 33. Rc1 1-0

[Event "*** Qualifier 4: Titled Tuesday 3|2 Blitz"]
[Site "Chess.com"]
[Date "2017.04.25"]
[Round "7"]
[White "Rodalquilar"]
[Black "kreonx"]
[Result "1-0"]
[WhiteElo "2540"]
[BlackElo "2236"]
[TimeControl "180+2"]
[EndTime "14:30:31 PDT"]
[Termination "Rodalquilar won by checkmate"]

1. d4 f5 2. c4 Nf6 3. Nc3 d6 4.
g3 g6 5. d5 c5 6. Nh3 Bg7 7.
Nf4 Na6 8. h4 Nc7 9. h5 Nxh5 10.
Nxh5 gxh5 11. e4 e5 12. Qxh5+ Kf8 13. exf5 Qe8 14. Ne4 Qxh5 15. Rxh5 Ne8 16. g4 Bd7 17. Bh3 h6 18. a4 b6 19. Be3 a6 20. Kd2 Rb8 21.
Kc2 Kf7 22. Rh1 Bxa4+ 23. b3 Bd7 24. Bf1 Kg8 25. Bxh6 b5 26. Bxg7 Rxh5 27. Rxh5 Kxg7 28. Rg5+ Kf7 29. Rg6 Ke7 30. Bd3 a5 31. f6+ Kf7 32. Ng5+ Kf8 33. cxb5 Bxb5 34. Ne6+ Kf7 35. Bf5 Nxf6 36.
Rg7+ Ke8 37. Bg6# 1-0

[Event "*** Qualifier 4: Titled Tuesday 3|2 Blitz"]
[Site "Chess.com"]
[Date "2017.04.25"]
[Round "7"]
[White "jcibarra"]
[Black "GrigorGrigorov"]
[Result "0-1"]
[WhiteElo "2674"]
[BlackElo "2527"]
[TimeControl "180+2"]
[EndTime "14:30:33 PDT"]
[Termination "GrigorGrigorov won on time"]

1. e4 g6 2. d4 Bg7 3. Nf3 d6 4.
Bc4 Nf6 5. Qe2 O-O 6. e5 dxe5 7. dxe5 Nd5 8. h3 Be6 9. O-O c6 10.
Bb3 Nd7 11. Re1 a5 12. a3 Qc7 13. Nbd2 Nf4 14. Qe4 Bxb3 15. Nxb3 Ne6 16. a4 Ndc5 17. Nxc5 Nxc5 18. Qh4 Ne6 19. Bh6 Rad8 20. b3 Rd7 21. Bxg7 Kxg7 22. Ng5 Nxg5 23. Qxg5 e6 24. Qf6+ Kg8 25. h4 Qd8 26. Qf4 h5 27. Kh2 Rd4 28. Re4 Rxe4 29. Qxe4 Qd2 30. Rf1 Rd8 31. Kg3 Rd4 32.
Qe3 Rg4+ 33. Kh3 Qxc2 34. f3 Rb4 35. Qg5 Rxb3 36. Qd8+ Kh7 37. Rd1 Rb2 38. Rg1 Qf5+ 39. Kh2 Qxe5+ 40. Kh1 Kg7 41. Rd1 Rb4 42. Rg1 Qg3 0-1

[Event "*** Qualifier 4: Titled Tuesday 3|2 Blitz"]
[Site "Chess.com"]
[Date "2017.04.25"]
[Round "7"]
[White "LawrenceTrent"]
[Black "plouarzel"]
[Result "1-0"]
[WhiteElo "2403"]
[BlackElo "2423"]
[TimeControl "180+2"]
[EndTime "14:30:34 PDT"]
[Termination "LawrenceTrent won on time"]

1. e4 c5 2. Nf3 d6 3. Bb5+ Nc6 4. O-O Bd7 5. Re1 Nf6 6. c3 a6 7. Bc4 e6 8. d4 b5 9. Bf1 cxd4 10. cxd4 d5 11.
exd5 Nxd5 12. Nc3 Nxc3 13. bxc3 Be7 14. Bd3 O-O 15. h4 Bf6 16. Ng5 g6 17. Qf3 Bg7 18. Bf4 Ne7 19. Bd6 h6 20. Nh3 Re8 21. Nf4 Nf5 22.
Bxf5 exf5 23. Qd5 Qf6 24. Be5 Qc6 25. Qxc6 Bxc6 26. Bxg7 Kxg7 27. f3 Kf6 28. Kf2 g5 29.
hxg5+ hxg5 30. Nd3 Bd5 31. Nb4 Bc4 32. a4 Rxe1 33. Kxe1 a5 34. Nc6 1-0

[Event "*** Qualifier 4: Titled Tuesday 3|2 Blitz"]
[Site "Chess.com"]
[Date "2017.04.25"]
[Round "7"]
[White "dolynachess"]
[Black "Bugcrusher"]
[Result "1-0"]
[WhiteElo "2371"]
[BlackElo "2463"]
[TimeControl "180+2"]
[EndTime "14:30:40 PDT"]
[Termination "dolynachess won by resignation"]

1. c4 e6 2. g3 Nf6 3. Bg2 d5 4.
Nf3 Be7 5. d4 O-O 6. O-O dxc4 7.
Ne5 Nc6 8. Bxc6 bxc6 9. Nxc6 Qe8 10. Nxe7+ Qxe7 11. Qa4 e5 12. dxe5 Qxe5 13. Qxc4 Bh3 14.
Re1 Rab8 15. Nc3 Ng4 16. Rb1 Qh5 17. Nd5 Bf1 18. h4 Ne5 19. Qe4 Bh3 20. Bf4 Rbe8 21. Nxc7 Bf5 22. Qa4 Bxb1 23. Nxe8 Bd3 24. Nxg7 Kxg7 25.
Qd4 Bxe2 26. Qxe5+ Qxe5 27. Bxe5+ f6 28. Rxe2 fxe5 29. Rxe5 Kg6 30. Re6+ Kf5 31. Re7 Kg4 32. Kg2 h5 33. Rxa7 Rc8 34. Ra4+ Kf5 35. Ra5+ Ke4 36. Rxh5 Rc2 37. Rb5 1-0

[Event "*** Qualifier 4: Titled Tuesday 3|2 Blitz"]
[Site "Chess.com"]
[Date "2017.04.25"]
[Round "7"]
[White "Rock700chess"]
[Black "WeiYi1999"]
[Result "1-0"]
[WhiteElo "2269"]
[BlackElo "2072"]
[TimeControl "180+2"]
[EndTime "14:30:44 PDT"]
[Termination "Rock700chess won by resignation"]

1. e4 e5 2. Nf3 Nc6 3. Bc4 Bc5 4.
c3 Nf6 5. d3 h6 6. Bb3 d6 7. h3 a5 8. Nbd2 O-O 9. Qe2 b5 10.
Bc2 a4 11. g4 b4 12. Nf1 Be6 13. Ng3 b3 14. axb3 axb3 15. Rxa8 Qxa8 16. Bd1 Qa1 17. Qd2 Ne7 18. g5 hxg5 19. h4 Ng6 20. hxg5 Nh7 21.
Kf1 f6 22. Nf5 fxg5 23. Nxg5 Nxg5 24. Qxg5 Rf6 25. Kg2 c6 26. Bh5 Bxf5 27. exf5 Ne7 28. Bg4 Qa7 29. Qh5 Kf8 30. Qh8+ Ng8 31. Bg5 Rf7 32.
Rh7 Bxf2 33. f6 Bg3 34. fxg7+ Rxg7 35. Qxg7+ Qxg7 36. Rxg7 Kxg7 37. Kxg3 Kg6 38. Bd2 Nf6 39. Be2 e4 40. d4 d5 41. Bd1 Kf5 42. Bxb3 Nh5+ 43. Kf2 Nf6 44. Ba4 Ng4+ 45. Ke2 1-0

[Event "*** Qualifier 4: Titled Tuesday 3|2 Blitz"]
[Site "Chess.com"]
[Date "2017.04.25"]
[Round "7"]
[White "kharov2001"]
[Black "rasool78"]
[Result "0-1"]
[WhiteElo "1934"]
[BlackElo "2227"]
[TimeControl "180+2"]
[EndTime "14:30:59 PDT"]
[Termination "rasool78 won by resignation"]

1. e4 g6 2. d4 Bg7 3. Nc3 c5 4.
dxc5 Bxc3+ 5. bxc3 Qa5 6. Qd4 Nf6 7. e5 Nc6 8. Qd2 Ne4 9. Qd3 Nxc5 10. Qb5 Qxc3+ 11. Kd1 Qd4+ 12. Bd3 Nxd3 13. Qxd3 Qxa1 14.
Nf3 Nxe5 15. Nxe5 Qxe5 16. Re1 Qf6 17. Be3 O-O 18. Bd4 Qf5 19. Qc3 d6 20. Rxe7 Be6 21. Qe3 Rac8 22. c3 Qb1+ 23. Ke2 Qxa2+ 24. Kf3 Qd5+ 25. Kg3 Qf5 26. h3 g5 27. Rxb7 Qf4+ 28.
Qxf4 gxf4+ 29. Kxf4 a5 30. Rb5 Rc5 31. Bxc5 dxc5 32. Rxa5 c4 33. g4 Rd8 34. Ke5 Rd3 35. Kf6 Rf3+ 36. Kg5 Kg7 37. h4 Rxf2 38. h5 h6+ 39.
Kh4 Rf4 40. Kg3 Rxg4+ 41. Kf3 Rg5 42. Ra7 Rxh5 43. Kf4 Rd5 44. Ke4 Rd3 45. Ra3 h5 46.
Kf4 h4 47. Ra1 h3 48. Rg1+ Kf6 49. Rg2 hxg2 0-1

[Event "*** Qualifier 4: Titled Tuesday 3|2 Blitz"]
[Site "Chess.com"]
[Date "2017.04.25"]
[Round "7"]
[White "severomorskij"]
[Black "rubhani"]
[Result "0-1"]
[WhiteElo "2676"]
[BlackElo "2454"]
[TimeControl "180+2"]
[EndTime "14:31:18 PDT"]
[Termination "rubhani won by checkmate"]

1. d4 Nf6 2. Bg5 e6 3. e4 d6 4. Nd2 Be7 5. Ngf3 O-O 6. Bd3 Nc6 7. c3 h6 8. Bh4 Nh5 9. Bg3 Nxg3 10. hxg3 e5 11. d5 Nb8 12. Nf1 a5 13. Ne3 Na6 14.
Bxa6 Rxa6 15. c4 Bd7 16. Qc2 c5 17. a4 Bg5 18. Nxg5 Qxg5 19. b3 Raa8 20. Qe2 f5 21. Rh5 Qg6 22. exf5 Bxf5 23. g4 Bd7 24. O-O-O Qf7 25.
f3 Qf4 26. Kb2 e4 27. fxe4 Qxe4 28. Qd3 Rf2+ 29. Ka3 Re8 30. Rh3 Qe5 31. Rb1 Qd4 32. Qxd4 cxd4 33. Nf5 Ree2 34. b4 Ra2+ 35. Kb3 Bxa4# 0-1

[Event "*** Qualifier 4: Titled Tuesday 3|2 Blitz"]
[Site "Chess.com"]
[Date "2017.04.25"]
[Round "7"]
[White "PowerThinking2650"]
[Black "Marcus_Harvey"]
[Result "0-1"]
[WhiteElo "2301"]
[BlackElo "2509"]
[TimeControl "180+2"]
[EndTime "14:31:29 PDT"]
[Termination "Marcus_Harvey won on time"]

1. e4 e6 2. d4 d5 3. Nd2 c5 4.
Ngf3 Nc6 5. exd5 exd5 6. Bb5 Bd6 7. O-O Ne7 8. dxc5 Bxc5 9. Nb3 Bd6 10. h3 h6 11. Nbd4 O-O 12. c3 Bc7 13. Bd3 Nxd4 14. Nxd4 Qd6 15. f4 Bb6 16. Kh1 Bxd4 17. cxd4 Bf5 18.
g4 Be4+ 19. Bxe4 dxe4 20. Be3 f5 21. Rc1 Nd5 22. Qd2 fxg4 23. hxg4 Rad8 24. Kg2 Nxe3+ 25. Qxe3 Qxd4 26. Qxd4 Rxd4 27. Rc2 e3 28. Kg3 Re4 29. Re2 g5 30. f5 h5 31. gxh5 Kg7 32. f6+ Rxf6 33.
Rxf6 Kxf6 34. Kf3 Rh4 35. Rxe3 Rxh5 36. Kg3 Rh7 37. Ra3 a6 38. Rf3+ Kg6 39. Rb3 Rf7 40.
Rb6+ Kh5 41. a4 Rd7 42. Rb3 Kg6 43. Rb6+ Kf5 44. Rb3 Ke4 45. Kg4 Rg7 46. Rb6 Kd4 47. b4 Kc4 48. a5 Rd7 49. Kxg5 Rd5+ 50. Kf6 Rb5 51. Re6 Kxb4 0-1

[Event "*** Qualifier 4: Titled Tuesday 3|2 Blitz"]
[Site "Chess.com"]
[Date "2017.04.25"]
[Round "7"]
[White "EgorGeroev"]
[Black "Hikaru"]
[Result "0-1"]
[WhiteElo "2552"]
[BlackElo "2937"]
[TimeControl "180+2"]
[EndTime "14:31:32 PDT"]
[Termination "Hikaru won on time"]

1. e4 e5 2. Nf3 Nc6 3. d4 exd4 4.
Nxd4 Bc5 5. Be3 Qf6 6. c3 Nge7 7. Bb5 Bb6 8. O-O O-O 9. a4 Nxd4 10. cxd4 c6 11.
a5 Bc7 12. Bd3 d5 13. e5 Qh4 14. Nd2 Nf5 15. Nf3 Nxe3 16. fxe3 Qh6 17. Qe2 f6 18. exf6 Rxf6 19. Ne5 Rxf1+ 20. Rxf1 Bxe5 21. dxe5 Be6 22. Qf3 Qg5 23. Qf4 Qe7 24. h4 Rd8 25. h5 h6 26. Bg6 c5 27. Rf2 Kh8 28. Rf3 b5 29. axb6 axb6 30. Rf1 b5 31. Rf2 b4 32. Rf1 Bg8 33. Rf2 c4 34. Rf3 c3 35. bxc3 bxc3 36. Rf2 Rc8 37. Qf5 Be6 38. Qf4 Bg8 39. Qf5 Rb8 40. Rc2 Rb1+ 41. Kh2 Qh4+ 42. Qh3 Qg5 43. Bf5 Bh7 44. Bxh7 Qxe5+ 45. g3 Kxh7 46. Qg2 Qxh5+ 0-1

[Event "*** Qualifier 4: Titled Tuesday 3|2 Blitz"]
[Site "Chess.com"]
[Date "2017.04.25"]
[Round "7"]
[White "Iball95"]
[Black "L3on4rdo"]
[Result "1-0"]
[WhiteElo "2530"]
[BlackElo "2398"]
[TimeControl "180+2"]
[EndTime "14:31:35 PDT"]
[Termination "Iball95 won on time"]

1. e4 e6 2. d4 d5 3. Nd2 c5 4.
Ngf3 cxd4 5. Nxd4 Nc6 6. Bb5 Bd7 7. Nxc6 bxc6 8. Bd3 Bd6 9. Qe2 Qc7 10. Nf3 Ne7 11. e5 Bc5 12. h4 Rb8 13. c3 h5 14.
Bg5 Nf5 15. Bxf5 exf5 16. O-O Qb7 17. b4 Bb6 18. Rab1 Be6 19. a4 Qc8 20. Rfd1 O-O 21. Nd4 c5 22. Nb5 f4 23. Nd6 Qd7 24. Bxf4 Qxa4 25. Qxh5 d4 26. bxc5 Bxc5 27. Rxb8 Rxb8 28. cxd4 Bxd4 29. Qf3 Rb2 30. Qa8+ Kh7 31. Qe4+ g6 32. Qxd4 Rb4 33. Qa1 Rxf4 34. g3 Rxh4 35. gxh4 Qg4+ 36. Kf1 Qf3 37. Qd4 1-0

[Event "*** Qualifier 4: Titled Tuesday 3|2 Blitz"]
[Site "Chess.com"]
[Date "2017.04.25"]
[Round "7"]
[White "iturrizaga"]
[Black "GGuseinov"]
[Result "0-1"]
[WhiteElo "2660"]
[BlackElo "2735"]
[TimeControl "180+2"]
[EndTime "14:31:47 PDT"]
[Termination "GGuseinov won on time"]

1. Nf3 g6 2. c4 Bg7 3. g3 d6 4. d4 Nd7 5. Nc3 e5 6. Bg2 Ne7 7. O-O O-O 8. dxe5 dxe5 9. Qc2 Nf5 10. Rd1 Nd4 11. Nxd4 exd4 12. Ne4 h6 13. c5 Re8 14. c6 bxc6 15. Qxc6 Rb8 16. Bf4 Bb7 17. Qc2 Qe7 18. Qxc7 Bxe4 19. Bxe4 Qxe4 20. Qxd7 Rxb2 21. Rd2 Rxd2 22. Bxd2 Rb8 23. Rc1 Qxe2 24. Qxa7 Qe8 25. Re1 Qc8 26. Rc1 Qe8 27. Re1 Qc8 28. Rc1 Qd8 29.
a4 Rb2 30. Qa6 Qd5 31. Qc8+ Kh7 32. Rc2 Rb1+ 33. Rc1 Rb3 34. a5 d3 35. Rd1 Bd4 36. Be1 h5 37. Qc1 Qf3 38. Qf4 Qxd1 0-1

[Event "*** Qualifier 4: Titled Tuesday 3|2 Blitz"]
[Site "Chess.com"]
[Date "2017.04.25"]
[Round "7"]
[White "aRk_iN"]
[Black "jcgs1030"]
[Result "0-1"]
[WhiteElo "2102"]
[BlackElo "2275"]
[TimeControl "180+2"]
[EndTime "14:31:47 PDT"]
[Termination "jcgs1030 won by resignation"]

1. e4 c5 2. Nf3 d6 3. d4 cxd4 4.
Nxd4 Nf6 5. Nc3 g6 6. Be3 Bg7 7.
f3 O-O 8. Qd2 Nc6 9. g4 e5 10.
Nb3 Be6 11. g5 Nh5 12. Nd5 Bxd5 13. exd5 Nd4 14. Nxd4 exd4 15. Bxd4 Bxd4 16. Qxd4 Qxg5 17. Rg1 Rfe8+ 18. Kf2 Qf4 19. Qxf4 Nxf4 20. Rd1 Rac8 21. c3 Rc5 22. Rg4 Nxd5 23. Rgd4 Ne3 24. Re1 Rce5 25. Bb5 R8e6 26. Rd3 Ng4+ 27. fxg4 Rxe1 28. Rd2 R1e4 29. h3 a6 30. Bf1 Rf6+ 31. Kg2 Re1 32. Bc4 b5 33.
Bb3 Kf8 34. a4 bxa4 35. Bxa4 Ke7 36. Bc6 Rfe6 37. Kf2 R1e5 38. b4 Kd8 39. Bb7 a5 40.
bxa5 Rxa5 41. c4 Rae5 42. Bd5 Rf6+ 43. Kg2 h5 44. Ra2 hxg4 45. hxg4 Rf4 46. Kg3 g5 47. Ra3 Ke7 48. Rb3 Kf8 49. Ra3 Kg7 50. Rb3 Rd4 51.
Rf3 Re7 52. Rf5 f6 53. Rf3 Rd2 54. Ra3 Rde2 55. Kf3 Re1 56. Rd3 Rf1+ 57. Kg3 f5 58. gxf5 Rxf5 59. Ra3 Kf6 60. Ra8 Re3+ 61. Kg2 Rf4 62.
Rf8+ Kg6 63. Rg8+ Kf5 64. Rf8+ Kg4 65. Rd8 Rd4 66. Kf2 Rc3 67. Rxd6 Rd2+ 68. Ke1 Rh2 69. Be6+ Kf3 70. Kd1 Ra3 71. Bd5+ Ke3 72. Re6+ Kd4 73. Re2 Ra1+ 74. Kd2 Ra2+ 0-1

[Event "*** Qualifier 4: Titled Tuesday 3|2 Blitz"]
[Site "Chess.com"]
[Date "2017.04.25"]
[Round "7"]
[White "ABDELAZEEZ-M"]
[Black "bugsbunny444"]
[Result "0-1"]
[WhiteElo "2167"]
[BlackElo "2356"]
[TimeControl "180+2"]
[EndTime "14:31:48 PDT"]
[Termination "bugsbunny444 won by checkmate"]

1. d4 e6 2. c4 b6 3. e4 Bb7 4.
Bd3 Bb4+ 5. Bd2 Bxd2+ 6. Nxd2 Nc6 7. Ngf3 Qf6 8. e5 Qf4 9. Be4 f5 10. g3 Qh6 11. Bc2 Nxd4 12. O-O Nxc2 13. Qxc2 Ne7 14. Rad1 O-O 15. Qd3 Rad8 16. h4 d5 17. exd6 Rxd6 18. Qe2 Rfd8 19. Rde1 Rxd2 20. Nxd2 Rxd2 21. Qxe6+ Qxe6 22. Rxe6 Kf7 23. Rfe1 Be4 24. Rxe7+ Kxe7 25. f3 Rxb2 26.
fxe4 fxe4 27. Rxe4+ Kd6 28. Rd4+ Kc6 29. h5 Rxa2 30.
Rg4 g6 31. hxg6 hxg6 32. Rxg6+ Kc5 33. Rg4 Rc2 34. Rg7 Kc6 35. Rg4 a5 36. Rf4 Kc5 37. Rf7 c6 38. Rf5+ Kxc4 39. g4 a4 40. g5 a3 41. g6 a2 42. Rf1 Re2 43. g7 Re8 44. Ra1 Kb3 45. Kf2 Rg8 46. Rg1 Kb2 47. Ke3 a1=Q 48.
Rg2+ Kb3 49. Rg3 Rxg7 50. Rf3 Re7+ 51. Kf4+ Kc4 52. Kg4 Re4+ 53. Kg3 Qg1+ 54. Kh3 Qg4+ 55. Kh2 Qxf3 56. Kg1 Re1+ 57. Kh2 Rh1# 0-1

[Event "*** Qualifier 4: Titled Tuesday 3|2 Blitz"]
[Site "Chess.com"]
[Date "2017.04.25"]
[Round "7"]
[White "politeplayer"]
[Black "rithwik2002"]
[Result "1-0"]
[WhiteElo "2184"]
[BlackElo "1808"]
[TimeControl "180+2"]
[EndTime "14:31:59 PDT"]
[Termination "politeplayer won on time"]

1. e4 e6 2. d4 d5 3. Bd3 dxe4 4. Bxe4 Nf6 5. Bf3 c5 6. Ne2 Nc6 7. Be3 cxd4 8. Nxd4 Nxd4 9. Qxd4 Qxd4 10. Bxd4 Bd6 11. Nc3 e5 12. Nb5 Bb8 13. Bc5 e4 14. Be2 a6 15. Nd6+ Bxd6 16. Bxd6 Be6 17. O-O-O O-O-O 18. Be5 Ng4 19. Rxd8+ Rxd8 20. Bxg4 Bxg4 21. Bxg7 Be6 22. Re1 Rg8 23. Be5 Rxg2 24. Bg3 Bd5 25. Kd2 f5 26. Ke3 h5 27. h4 Kd7 28. Kf4 Ke6 29.
b3 Bc6 30. c4 Be8 31. Rd1 Bd7 32.
c5 a5 33. a3 Ke7 34. Ke5 e3 35. Kf4 exf2 36. Rf1 Bb5 37. Rxf2 Rxf2+ 38. Bxf2 Kf6 39.
Bd4+ Ke6 40. a4 Be2 41. Bc3 Bd1 42. Bxa5 Bxb3 43. Kg5 Bd1 44. Bb4 Bxa4 45. Kxh5 Bd1+ 46. Kg6 f4 47. h5 f3 48. Be1 Bc2+ 49. Kg7 Kd5 50. Bf2 1-0

[Event "*** Qualifier 4: Titled Tuesday 3|2 Blitz"]
[Site "Chess.com"]
[Date "2017.04.25"]
[Round "7"]
[White "Noukii"]
[Black "ChessQueen"]
[Result "1-0"]
[WhiteElo "2634"]
[BlackElo "2503"]
[TimeControl "180+2"]
[EndTime "14:32:01 PDT"]
[Termination "Noukii won on time"]

1. d4 Nf6 2. Nf3 b6 3. Bg5 Bb7 4. Nbd2 g6 5. Bxf6 exf6 6. e3 Bg7 7. g3 O-O 8. Bg2 f5 9. O-O d6 10. a4 a5 11. Ne1 Qc8 12. Bxb7 Qxb7 13. Qf3 Nc6 14.
Nd3 Rab8 15. c4 Rfe8 16. Rac1 Bxd4 17. exd4 Nxd4 18. Qxb7 Rxb7 19. Rce1 Rbb8 20. Rxe8+ Rxe8 21. Re1 Re6 22. Kf1 Nc2 23. Rc1 Nd4 24. Nf4 Re8 25. Re1 Rxe1+ 26. Kxe1 c6 27. Ne2 Nc2+ 28. Kd1 Nb4 29.
b3 Kf8 30. Nf3 Ke7 31. Kd2 h6 32. Nf4 Na6 33. Nd3 Kd7 34. h4 h5 35. Ke3 Nc7 36. Nd4 Ne8 37. Kf4 Nf6 38. f3 Nh7 39. Ne2 Ke6 40. Nc3 f6 41. Ke3 g5 42. f4 g4 43. Ne2 c5 44. Nc3 Nf8 45. Nd5 Nd7 46. Nc1 Kf7 47. Ne2 Ke6 48. Nec3 Kf7 49. Nb5 Ke6 50. Kd3 Nb8 51. Nxb6 Nc6 52. Nd5 Nd8 53.
Na7 Kf7 54. Nc7 Ke7 55. Kc3 Kd7 56. Nd5 Ke6 57. Ne3 Kd7 58. Nxf5 Ne6 59. Nb5 1-0

[Event "*** Qualifier 4: Titled Tuesday 3|2 Blitz"]
[Site "Chess.com"]
[Date "2017.04.25"]
[Round "7"]
[White "Alex_Molchanov"]
[Black "BogdanDeac"]
[Result "0-1"]
[WhiteElo "2430"]
[BlackElo "2561"]
[TimeControl "180+2"]
[EndTime "14:32:04 PDT"]
[Termination "BogdanDeac won on time"]

1. d4 Nf6 2. c4 g6 3. Nf3 Bg7 4. g3 c5 5. Bg2 O-O 6. O-O d6 7. Nc3 Nc6 8. d5 Na5 9. Nd2 a6 10. Rb1 b5 11. cxb5 axb5 12. Nxb5 Bf5 13. e4 Bg4 14. Qc2 Be2 15. Na3 Bxf1 16. Bxf1 Nd7 17. b3 e6 18. Ndc4 exd5 19. exd5 Nb6 20. Nxb6 Qxb6 21. Nb5 Rfc8 22. Bf4 Be5 23. Be3 Bd4 24.
Bf4 Nb7 25. a4 Be5 26. Be3 Qd8 27. Kg2 f5 28. f4 Bd4 29. Bxd4 cxd4 30. Qd2 Nc5 31.
Qxd4 Qf8 32. Bc4 Re8 33. Qc3 Re4 34. Re1 Rae8 35. Rxe4 Nxe4 36. Qd4 Nc5 37. Nc7 Re4 38. Qb2 Qb8 39. Nb5 Nxa4 40. Qf6 Nb6 41. Nxd6 Nxc4 42. bxc4 Re2+ 43. Kh3 Qf8 44. Qxf8+ Kxf8 45. Kh4 Rxh2+ 46. Kg5 Ke7 47. Nc8+ Kd8 48. Nd6 Kd7 49. Nf7 Ke7 0-1

[Event "*** Qualifier 4: Titled Tuesday 3|2 Blitz"]
[Site "Chess.com"]
[Date "2017.04.25"]
[Round "7"]
[White "Indianlad"]
[Black "hansen"]
[Result "1-0"]
[WhiteElo "2706"]
[BlackElo "2648"]
[TimeControl "180+2"]
[EndTime "14:32:07 PDT"]
[Termination "Indianlad won by resignation"]

1. d4 Nf6 2. c4 e6 3. Nf3 b6 4. e3 Bb7 5. Bd3 Bb4+ 6. Nbd2 O-O 7. O-O Be7 8. e4 d6 9. Re1 Nbd7 10. h3 e5 11. d5 Nc5 12. Bc2 a5 13. Nb1 Ne8 14. Nc3 g6 15. a3 Ng7 16. Bh6 f5 17. b4 axb4 18. axb4 Rxa1 19. Qxa1 fxe4 20.
Nxe4 Nxe4 21. Bxe4 Bc8 22. g4 Bh4 23. Re2 Rf7 24. Kg2 Be7 25. Qb1 Bf8 26. Ng5 Rf6 27. c5 dxc5 28. Qb3 Bd6 29. bxc5 bxc5 30. Nf3 Rf8 31.
Ra2 Bd7 32. Qc3 Re8 33. Ng5 Qb8 34. Rb2 Qa8 35. Qc2 Re7 36. Ra2 Qb7 37. Qd3 Bc8 38.
Qf3 Bd7 39. Ra1 Qc8 40. Bd3 Qf8 41. Qxf8+ Kxf8 42. Nxh7+ Kf7 43. Ng5+ Kg8 44. Bxg6 Ne8 45. Ne4 Bc8 46. Bxe8 1-0

[Event "*** Qualifier 4: Titled Tuesday 3|2 Blitz"]
[Site "Chess.com"]
[Date "2017.04.25"]
[Round "7"]
[White "stepanosinovsky"]
[Black "SerGo055"]
[Result "0-1"]
[WhiteElo "2253"]
[BlackElo "2332"]
[TimeControl "180+2"]
[EndTime "14:32:09 PDT"]
[Termination "SerGo055 won by resignation"]

1. e4 d5 2. exd5 Nf6 3. Bb5+ Bd7 4. Bc4 Bg4 5. f3 Bf5 6. g4 Bc8 7. Nc3 Nbd7 8. g5 Nh5 9. d4 a6 10. f4 g6 11. a4 Nb6 12. Bb3 Bf5 13. Qf3 Bg7 14.
Nge2 O-O 15. Nd1 Nc8 16. Ne3 Nd6 17. Nxf5 Nxf5 18. c3 Qd6 19. Ng3 Nh4 20. Qf2 Nxf4 21. Bxf4 Qxf4 22. O-O Qxg5 23. Kh1 Rad8 24. Rae1 Rd6 25.
Ne4 Qh5 26. Bd1 Qh6 27. c4 Rdd8 28. Ng3 Bf6 29. a5 c6 30. Ne4 cxd5 31. Nxf6+ exf6 32. Qxf6 dxc4 33. Re7 Qg7 34. Qxh4 Rxd4 35. Qf2 Rd5 36. Bf3 Rxa5 37. Qd2 Rf5 38. Bg2 Rxf1+ 39. Bxf1 Qf6 40. Qe1 Qxb2 41. Bxc4 Qf6 42. Rxb7 Qc6+ 43. Kg1 Qxb7 0-1

[Event "*** Qualifier 4: Titled Tuesday 3|2 Blitz"]
[Site "Chess.com"]
[Date "2017.04.25"]
[Round "7"]
[White "MorpheusPro"]
[Black "indfraeng"]
[Result "0-1"]
[WhiteElo "2036"]
[BlackElo "1802"]
[TimeControl "180+2"]
[EndTime "14:32:22 PDT"]
[Termination "indfraeng won on time"]

1. e4 c6 2. d4 d5 3. Nc3 dxe4 4. Nxe4 Nd7 5. Nf3 Ngf6 6. Ng3 e6 7. Bd3 Bd6 8. Bd2 O-O 9. Qe2 b6 10. O-O-O Bb7 11.
Bg5 Qc7 12. Ne4 Nxe4 13. Qxe4 g6 14. Qh4 c5 15. Bb5 Bc6 16. dxc5 bxc5 17. Bc4 Ne5 18. Bf6 Nxc4 19. Qxc4 Bxf3 20. gxf3 Be5 21. Qh4 Bxf6 22.
Qxf6 Rad8 23. h4 h5 24. Rhg1 Kh7 25. Rxd8 Qxd8 26. Qf4 Qd5 27. Rd1 Qc6 28. Rd6 Qc7 29. Qd2 Qe7 30. Qf4 e5 31. Qd2 Qxh4 32. b3 Qh1+ 33.
Kb2 Qxf3 34. Rd5 Qf6 35. Rxc5 e4+ 36. Kb1 Rd8 37. Rd5 Rxd5 38. Qxd5 Qf3 39. Qd2 h4 40. Qd7 h3 41. Qd6 Qxf2 42. Kb2 h2 0-1